 Dungeon Crawl Stone Soup version 0.28.0-53-g5a82cb258f (webtiles) character file.

Game seed: 16550895527428001530

4 Zeld the Gusty (level 1, -2/10 HPs)
             Began as a Tengu Air Elementalist on June 14, 2022.
             Killed by divine providence
             ... invoked by an orc priest
              (10 damage)
             ... on level 3 of the Dungeon.
             The game lasted 00:00:58 (762 turns).

Zeld the Gusty (Tengu Air Elementalist)              Turns: 762, Time: 00:00:59

Health: -2/10      AC:  2    Str:  8    XL:     1   Next: 70%
Magic:  0/4        EV: 12    Int: 15    God:
Gold:   7          SH:  0    Dex: 14    Spells: 3/4 levels left

rFire   . . .      SeeInvis .   (no weapon)
rCold   . . .      Faith    .   (no shield)
rNeg    . . .      Spirit   .   a - +0 robe
rPois   .          Reflect  .   (helmet restricted)
rElec   .          Harm     .   (no cloak)
rCorr   .          Rampage  .   (no gloves)
Will    .....                   (boots unavailable)
Stlth   ++........              (no amulet)
HPRegen 0.03/turn               (no ring)
MPRegen 0.09/turn               (no ring)

@: no status effects
A: beak, talons 3
a: no special abilities


You were on level 3 of the Dungeon.
You visited 1 branch of the dungeon, and saw 3 of its levels.

You collected 7 gold pieces.

Inventory:

Armour
 a - a +0 robe (worn)
Potions
 b - a potion of curing {unknown}


   Skills:
 - Level 2.1 Dodging
 - Level 2.0 Stealth
 * Level 2.1 Spellcasting
 + Level 1.6 Conjurations
 * Level 4.2 Air Magic


You had 3 spell levels left.
You knew the following spells:

 Your Spells              Type           Power      Damage    Failure   Level
a - Shock                 Conj/Air       40%        1d5       7%          1

Your spell library contained the following spells:

 Spells                   Type           Power      Damage    Failure   Level
 Static Discharge         Conj/Air       10%        N/A       10%         2
 Swiftness                Air            14%        N/A       12%         3
 Apportation              Tloc           2%         N/A       22%         1
 Blink                    Tloc           2%         N/A       32%         2
 Sublimation of Blood     Necr           1%         N/A       32%         2
 Wereblood                Tmut           1%         N/A       32%         2
 Gell's Gravitas          Tloc           1%         N/A       54%         3
 Lesser Beckoning         Tloc           1%         N/A       54%         3
 Teleport Other           Tloc           1%         N/A       54%         3
 Airstrike                Air            7%         N/A       36%         4
 Alistair's Intoxication  Tmut/Pois      0%         N/A       99%         5
 Manifold Assault         Tloc           1%         N/A       99%         5
 Dispersal                Tloc           0%         N/A       100%        6
 Summon Hydra             Summ           0%         N/A       100%        7


Dungeon Overview and Level Annotations

Branches:
Dungeon (3/15)

Altars:

Shops:
D:3 :


Innate Abilities, Weirdness & Mutations

You have a beak for a mouth.
You have claws for feet.


Message History

You climb downwards.
There is a stone staircase leading up here.
You start resting.
Magic restored.
You start waiting.
Done waiting.
You start waiting.
Done waiting.
Found Tiotyrod's Book Shop.
There is an entrance to Tiotyrod's Book Shop here.
You can access your shopping list by pressing '$'.
You pick up a book of Spatial Translocations and begin reading...
You add the spells Blink, Lesser Beckoning and Manifold Assault to your library.
A hobgoblin comes into view.
Okay, then.
A hobgoblin is nearby!
The zap hits the hobgoblin.
The hobgoblin is almost dead.
The hobgoblin shouts!
The zap misses the hobgoblin.
A bat comes into view.
An orc comes into view. It is wielding a +0 hand axe.
There are monsters nearby!
An orc priest comes into view. It is wielding a +0 dagger.
The zap misses the hobgoblin.
There are monsters nearby!
The zap misses the hobgoblin.
The zap hits the bat.
The bat is severely wounded.
The bat hits you.
There are monsters nearby!
There are monsters nearby!
You are too depleted to draw on your mana recklessly!
An orc comes into view. It is wielding a +1 vampiric whip.
The orc shouts!
The bat hits you but does no damage. The bat hits you.
The orc priest calls down the wrath of Beogh upon you.
Beogh smites you!
Ouch! That really hurt!
You die...

## #.# #⌠.
#.# #.. ###.#
#..o##8#.#
##...o....#
#8.....o..#
##........#
##8###8#g####
# ###.b@.#
####.# #.#
#.# #.# #.#
##.## #...#
#...#


You could see an orc priest, 2 orcs, a hobgoblin and a bat.

Vanquished Creatures
  A bat (D:2)
  A kobold (D:1)
  A ball python (D:2)
  A frilled lizard (D:2)
  A rat (D:2)
5 creatures vanquished.

Notes
Turn   | Place    | Note
-------+----------+-------------------------------------------
     0 | D:1      | Zeld the Tengu Air Elementalist began the quest for the
                  | Orb.
     0 | D:1      | Reached XP level 1. HP: 10/10 MP: 4/4
   700 | D:3      | Found Tiotyrod's Book Shop.
   756 | D:3      | Noticed an orc priest
   762 | D:3      | Killed from afar by an orc priest

Illustrated notes

Levels and vault maps discovered:
D:1:      sevenhm_arrival_forest_fort_large_2, layout_basic
D:2:      minmay_skewed_foursquare, layout_basic,
          nicolae_ecumenical_snake_handling, uniq_jessica
D:3:      layout_loops_ring, serial_shops, shop, eino_curves_03,
          corexii_hall_statues_u

Action                   || total
-------------------------++-------
Melee: Unarmed           ||     1
 Cast: Shock             ||    14
Armor: Robe              ||     3
Dodge: Dodged            ||     8
